Map: Odyssey LE

Players

Lambo

  • Race: Zerg Zerg
  • League: Grandmaster
  • Spawn Location: 5:00

LiquidMaNa (MaNa) - Winner!

  • Race: Protoss Protoss
  • League: Master
  • Spawn Location: 11:00

Event: HomeStory Cup XVI

VOD

Have the link to the VOD?

Description

Time

  • Played on: Nov. 9, 2017, 12:57 p.m.
  • Length: 8:46

All games in this series

Show
View Real Time Build Order
Export as new Build Order

Lambo Zerg 

Build Orders: Hatch First 

Get SALT Encoding   

  12  0:00  Drone  
  13  0:12  Overlord  
  13  0:16  Drone  
  14  0:31  Drone x2  
  14  0:34  Drone  
  17  0:51  Hatchery  
  17  0:54  Drone  
  17  0:57  Drone  
  18  1:07  Extractor  
  17  1:12  Spawning Pool  
  17  1:15  Drone  
  17  1:18  Drone  
  18  1:29  Drone  
  19  1:40  Overlord  
  19  1:50  Drone  
  20  1:59  Queen  
  20  2:00  Zergling x2  
  23  2:03  Queen, Zergling x2  
  23  2:07  Metabolic Boost  
  26  2:10  Drone  
  26  2:14  Drone  
  28  2:21  Drone  
  29  2:38  Hatchery  
  29  2:39  Drone x2  
  30  2:45  Pneumatized Carapace  
  30  2:47  Drone  
  31  2:52  Overlord  
  31  2:56  Drone  
  32  2:59  Drone  
  32  3:01  Drone  
  34  3:06  Drone  
  34  3:09  Drone  
  34  3:12  Drone x2  
  38  3:13  Drone x2  
  40  3:21  Queen  
  40  3:23  Drone  
  40  3:24  Drone  
  44  3:28  Spore Crawler  
  44  3:30  Spore Crawler  
  44  3:32  Drone  
  43  3:35  Overlord  
  43  3:40  Evolution Chamber  
  42  3:42  Baneling Nest  
  42  3:46  Overlord  
  44  3:49  Spore Crawler  
  44  3:50  Spore Crawler  
  44  3:54  Zergling x4  
  44  3:55  Drone x4  
  48  4:02  Queen  
  50  4:03  Spore Crawler  
  50  4:04  Drone  
  50  4:09  Drone x2  
  53  4:10  Drone  
  53  4:12  Drone x2  
  55  4:18  Drone  
  55  4:19  Drone x2  
  55  4:23  Extractor  
  57  4:26  Evolution Chamber, Queen  
  57  4:31  Overlord  
  57  4:33  Overlord  
  57  4:36  Overlord  
  57  4:48  Lair  
  57  4:49  Zergling x10  
  57  4:50  Zergling x6  
  65  4:54  Zergling x4  
  65  4:57  Baneling x3  
  67  5:01  Zergling x6  
  69  5:07  Zerg Missile Weapons Level 1  
  69  5:08  Baneling  
  69  5:09  Baneling  
  69  5:11  Drone x4  
  73  5:14  Baneling  
  73  5:15  Drone x2  
  73  5:16  Overlord  
  73  5:20  Drone  
  73  5:21  Overlord, Drone  
  77  5:23  Overlord  
  77  5:26  Drone  
  78  5:29  Drone  
  78  5:33  Drone x4  
  82  5:39  Drone  
  80  5:46  Drone x3  
  80  5:47  Drone  
  84  5:50  Drone, Hatchery  
  84  5:52  Extractor, Zergling x2  
  84  5:53  Extractor  
  83  5:59  Extractor, Drone x4  
  83  6:00  Hydralisk Den, Baneling, Extractor  
  83  6:01  Baneling  
  84  6:04  Drone x3  
  86  6:12  Drone x4  
  90  6:20  Zergling x4  
  90  6:23  Baneling x3  
  90  6:25  Spine Crawler  
  90  6:26  Spine Crawler  
  90  6:27  Spine Crawler  
  90  6:30  Zergling x12  
  90  6:32  Baneling x2  
  94  6:33  Muscular Augments  
  94  6:35  Hydralisk  
  94  6:39  Overlord  
  96  6:42  Zergling x10  
  96  6:44  Baneling x3  
  96  6:45  Spine Crawler  
  100  6:48  Baneling  
  100  6:49  Hydralisk  
  100  6:50  Zergling x2  
  100  6:51  Baneling  
  100  6:52  Overlord  
  102  6:55  Hydralisk, Zergling x10  
  102  6:58  Zergling x2  
  102  7:00  Hydralisk x2  
  101  7:02  Baneling x2  
  101  7:04  Zergling x4  
  101  7:07  Zergling x4  
  89  7:13  Zergling x4  
  81  7:18  Baneling x2  
  81  7:19  Zergling x6  
  82  7:23  Zergling x2  
  82  7:25  Zergling x2  
  82  7:28  Zergling x2  
  82  7:29  Zergling x2  
  74  7:30  Zergling x2  
  74  7:34  Zergling x4  
  74  7:37  Zergling x4  
  74  7:41  Baneling x3  
  74  7:42  Baneling, Zergling x2  
  75  7:48  Baneling  
  75  7:50  Zergling x6  
  73  7:53  Zergling x2  
  67  7:59  Zergling x4  
  67  8:02  Zergling x2  
  67  8:03  Zergling x6  
  64  8:08  Zergling x6  
  62  8:13  Zergling x6  
  62  8:18  Zergling x6  
  63  8:23  Zergling x8  
  54  8:29  Zergling x4  
Show
View Real Time Build Order
Export as new Build Order

LiquidMaNa Protoss - Winner!

Build Orders: 1 Gate Expand, Oracle Opening 

Get SALT Encoding   

  12  0:02  Probe (Chrono Boost)  
  14  0:14  Probe (Chrono Boost)  
  14  0:19  Pylon  
  14  0:26  Probe (Chrono Boost)  
  15  0:33  Probe (Chrono Boost)  
  15  0:41  Probe (Chrono Boost)  
  16  0:44  Gateway  
  17  0:50  Assimilator  
  17  0:54  Probe (Chrono Boost)  
  18  1:00  Probe (Chrono Boost)  
  19  1:08  Probe (Chrono Boost)  
  20  1:25  Nexus  
  20  1:36  Cybernetics Core  
  21  1:41  Probe (Chrono Boost)  
  21  1:44  Assimilator  
  21  1:53  Probe (Chrono Boost)  
  22  1:55  Pylon  
  22  2:03  Stalker  
  22  2:05  Probe (Chrono Boost)  
  23  2:13  Warp Gate  
  26  2:17  Probe (Chrono Boost)  
  26  2:28  Stargate  
  26  2:29  Probe (Chrono Boost)  
  27  2:39  Probe (Chrono Boost)  
  27  2:41  Probe (Chrono Boost)  
  29  2:51  Probe (Chrono Boost)  
  29  2:53  Probe (Chrono Boost), Twilight Council  
  30  3:03  Oracle, Probe (Chrono Boost)  
  32  3:05  Probe (Chrono Boost)  
  32  3:06  Gateway  
  32  3:16  Probe (Chrono Boost)  
  32  3:18  Probe (Chrono Boost)  
  37  3:22  Resonating Glaives  
  37  3:23  Gateway  
  37  3:29  Probe (Chrono Boost)  
  37  3:30  Probe (Chrono Boost)  
  39  3:37  Pylon  
  41  3:41  Probe (Chrono Boost)  
  41  3:42  Probe (Chrono Boost)  
  41  3:48  Adept  
  43  3:53  Probe (Chrono Boost), Pylon  
  43  3:54  Probe (Chrono Boost)  
  45  4:05  Probe (Chrono Boost)  
  45  4:06  Probe (Chrono Boost)  
  47  4:20  Adept  
  47  4:22  Adept  
  50  4:26  Robotics Facility  
  50  4:29  Nexus  
  50  4:30  Adept  
  54  4:44  Gateway  
  52  4:50  Adept x3  
  58  4:53  Shield Battery  
  58  4:57  Probe x2 (Chrono Boost)  
  59  5:05  Gateway  
  59  5:06  Gateway  
  59  5:08  Gateway  
  59  5:10  Adept  
  61  5:16  Pylon  
  61  5:20  Pylon  
  61  5:23  Warp Prism  
  61  5:35  Adept x3  
  69  5:44  Shield Battery  
  69  5:45  Probe (Chrono Boost)  
  69  5:48  Pylon  
  70  5:55  Adept  
  73  5:57  Adept x3, Probe (Chrono Boost)  
  79  6:21  Adept x7  
  91  6:31  Pylon  
  91  6:32  Pylon  
  91  6:47  Adept x3  
  91  6:48  Adept x2  
  77  7:09  Adept x7  
  65  7:34  Adept x7  
  70  7:45  Probe (Chrono Boost)  
  70  7:54  Adept x4  
  70  7:55  Adept x3  
  62  8:15  Adept x5  
  62  8:16  Adept x2  
  72  8:32  Probe (Chrono Boost)  
  67  8:35  Adept x5  
  67  8:36  Adept  
Tags
 
Add a new tag
Caveats
  • Supply blocks, unpowered buildings, or Contaminate may cause inaccurate times.
  • Supply counts are checked every 10 seconds.